 Dungeon Crawl Stone Soup version 0.31-a0-1620-gcbf77bbcfc (webtiles) character file.

Game seed: 10838627172105507292

11622 LeprechaunX the Mimic (level 11, -8/77 HPs)
             Began as an Octopode Shapeshifter on Jan 11, 2024.
             Was a Follower of Ashenzari.
             Mangled by a large abomination (32 damage)
             ... on level 9 of the Dungeon.
             The game lasted 00:16:54 (11109 turns).

LeprechaunX the Mimic (Octopode Shapeshifter)      Turns: 11109, Time: 00:16:55

Health: -8/77      AC:  1    Str: 17    XL:     11   Next: 80%
Magic:  30/30      EV: 18    Int: 12    God:    Ashenzari [*.....]
Gold:   571        SH:  0    Dex: 13    Spells: 21/24 levels left

rFire   . . .        b - +8 war axe of Lirhewea {speed, rCorr}
rCold   . . .        (no shield)
rNeg    . . .        (helmet currently unavailable)
rPois   .            J - amulet of regeneration
rElec   .            m - ring of Ashenzari's Suspicion {MP+9, Fort, Self} (curse)
rCorr   +            q - ring of Ashenzari's Free Will {SInv, Elem, Melee} (curse)
SInv    +            K - +5 ring of evasion
Will    .....        (no ring)
Stlth   ++           (no ring)
HPRegen 1.12/turn    (no ring)
MPRegen 0.22/turn    (no ring)
                     (no ring)

%: no passive effects
@: beast-form
A: beast (slay +4), almost no armour, amphibious, 8 rings, camouflage 1,
gelatinous body 1, (nimble swimmer 1), tentacles
a: Begin Untransformation, Renounce Religion, Shatter the Chains


You were on level 9 of the Dungeon.
You worshipped Ashenzari.
Ashenzari was aware of your devotion.
You were a hulking beast.
You visited 2 branches of the dungeon, and saw 10 of its levels.

You collected 571 gold pieces.

Inventory:

Hand Weapons
 a - a +0 arbalest
 b - the +8 war axe of Lirhewea (weapon) {speed, rCorr}
   (You found it on level 7 of the Dungeon)

   rCorr:     It protects you from acid and corrosion.
 G - a +0 shortbow
Missiles
 w - 3 boomerangs
 D - 6 javelins (quivered)
Armour
 F - an orb of mayhem
Jewellery
 m - the cursed ring of Ashenzari's Suspicion (left tentacle) {MP+9, Fort, Self}
   (You took it off an orc on level 3 of the Dungeon)

   [ring of magical power]

   MP+9:      It affects your magic capacity (+9).
   It has a curse which improves the following skills: Fortitude: Shields.
   Introspection: Fighting and Spellcasting.
 q - the cursed ring of Ashenzari's Free Will (right tentacle) {SInv, Elem, Melee}
   (You found it on level 4 of the Dungeon)

   [ring of see invisible]

   SInv:      It lets you see invisible.
   It has a curse which improves the following skills: Elements: Fire Magic, Ice
   Magic, Air Magic and Earth Magic.
   Melee Combat: Short Blades, Long Blades, Axes, Maces & Flails, Polearms,
   Staves and Unarmed Combat.
 s - an amulet of reflection
 J - an amulet of regeneration (around mantle)
 K - a +5 ring of evasion (on tentacle)
Talismans
 c - a flux talisman
 x - a blade talisman
 H - a beast talisman
Wands
 v - a wand of flame (58)
 B - a wand of paralysis (3)
 I - a wand of quicksilver (4)
Scrolls
 d - 13 scrolls of identify
 g - 2 scrolls of teleportation
 i - 2 scrolls of amnesia
 j - 3 scrolls of enchant armour
 k - 3 scrolls of enchant weapon
 l - a scroll of fear
 p - 5 scrolls of fog
 r - a scroll of summoning
 t - 2 scrolls of revelation
 y - a scroll of torment
 A - a scroll of silence
Potions
 e - a potion of heal wounds
 f - a potion of might
 h - 3 potions of curing
 n - a potion of brilliance
 o - 2 potions of ambrosia
 u - a potion of invisibility
 z - 2 potions of cancellation
 C - a potion of degeneration
 E - 2 potions of attraction


   Skills:
 + Level 7.2(8.0) Fighting
 + Level 4.5(5.3) Axes
 - Level 3.0 Throwing
 - Level 2.0 Dodging
 - Level 6.0(6.7) Unarmed Combat
 + Level 6.2(7.0) Spellcasting
 + Level 6.5 Conjurations
 + Level 6.7 Evocations
 * Level 9.7 Shapeshifting


You had 21 spell levels left.
You knew the following spells:

 Your Spells              Type           Power      Damage    Failure   Level
a - Dazzling Flash        Conj/Hex       24%        N/A       13%         3

Your spell library contained the following spells:

 Spells                   Type           Power      Damage    Failure   Level
 Mephitic Cloud           Conj/Alch/Air  9%         N/A       21%         3
 Iskenderun's Mystic Bla  Conj/Tloc      12%        2d5       38%         4
 Call Canine Familiar     Summ           4%         N/A       43%         3
 Sigil of Binding         Hex            4%         N/A       43%         3
 Tukima's Dance           Hex            4%         N/A       43%         3
 Dimensional Bullseye     Hex/Tloc       2%         N/A       85%         4
 Curse of Agony           Necr           4%         N/A       99%         5
 Silence                  Hex/Air        2%         N/A       99%         5


Dungeon Overview and Level Annotations

Branches:
Dungeon (9/15)             Temple (1/1) D:6
   Lair: D:8-11         Orc: D:9-12

Altars:
Ashenzari
Cheibriados
Dithmenos
Elyvilon
Fedhas
Gozag
Kikubaaqudgha
Makhleb
Qazlal
Ru
Sif Muna
Uskayaw
Vehumet
Wu Jian
Xom
Zin
The Shining One

Shops:
D:1 =   D:3 *   D:9 *

Annotations:
D:4 3 runed translucent doors, zenocrate's ghost, amateur VSEn
D:8 Grum
D:9 3 runed translucent doors, Likado's ghost, journeyman GnSu


Innate Abilities, Weirdness & Mutations

You are a hulking beast.
Your limbs bulge with bestial killing power. (Slay +4)
You cannot wear most types of armour.
You are amphibious.
You can wear up to eight rings at the same time.
Your skin changes colour to match your surroundings (Stealth+).
Your rubbery body absorbs attacks. (AC +1, EV +1)
((You are camouflaged when in or above water. (Stealth+)))
You have tentacles for arms and can constrict up to eight enemies at once.


Message History

The large abomination hits you!
You barely miss the large abomination.
The large abomination is lightly damaged.
The large abomination hits you!!
You barely miss the large abomination. You squeeze the large abomination!
The large abomination is moderately damaged.
You slash the large abomination!
The large abomination is heavily damaged.
The large abomination closely misses you.
You slash the large abomination!
The large abomination is heavily damaged.
The large abomination misses you.
You slash the large abomination!
The large abomination is severely damaged.
The large abomination closely misses you.
You slash the large abomination!
You destroy the large abomination!
You barely miss the large abomination. You squeeze the large abomination!
The large abomination is moderately damaged.
The large abomination hits you.
You hit the large abomination but do no damage.
The large abomination is moderately damaged.
You slash the large abomination!
You squeeze the large abomination, but do no damage.
The large abomination is heavily damaged.
The large abomination completely misses you.
You hit the large abomination but do no damage.
Your squeeze misses the large abomination.
The large abomination is heavily damaged.
The large abomination hits you.
You hit the large abomination but do no damage.
You squeeze the large abomination.
The large abomination is severely damaged.
The large abomination hits you!
* * * LOW HITPOINT WARNING * * *
You slash the large abomination!
Your squeeze misses the large abomination.
The large abomination is almost destroyed.
The large abomination hits you!!
You die...

#####'####. ##########....
#........#.. #..........
#........##'#######
#.....#####
#........#........# #.....#
#........#........# #..)..#
### ##########........#
##.....# #.. #..X.....#
#......###.. ######X###
#......#.... #.####h#
#...#'##.... #####.>#...#
#...#.##...# #......#...#
#...#.##...# #......#...#
#####.##...#
#..........#########.##....
#.....)....[)...†....##...#
#.......#.......†######._.#
#.......##.......# ##...#
#.......##.......#####....#


You could see a large abomination.

Vanquished Creatures
  Erica (D:8)
  A two-headed ogre (D:9)
  An arcanist (D:9)
  Pikel (D:7)
  An ugly thing (D:8)
  Maurice (D:8)
  2 large abominations (D:9)
  Joseph (D:8)
  Jeremiah (D:7)
  Psyche (D:8)
  A troll (D:9)
  2 wyverns (D:8)
  15 yaks
  Duvessa (D:7)
  An acid dragon (D:9)
  An ice beast (D:7)
  An orc warrior (D:9)
  A sky beast (D:7)
  3 ogres
  A black bear (D:6)
  A wolf (D:8)
  5 centaurs
  A phantom (D:4)
  A kobold brigand (D:6)
  5 bullfrogs
  A gnoll sergeant (D:9)
  3 scorpions
  3 small abominations (D:9)
  15 wights
  Dowan (D:7)
  6 killer bees (D:8)
  A howler monkey (D:8)
  2 bombardier beetles (D:6)
  3 hounds
  4 orc priests
  A gnoll bouda (D:7)
  3 iguanas (D:5)
  2 jellies
  3 sleepcaps
  4 orc wizards (D:9)
  24 gnolls
  6 adders
  2 shadow imps
  2 white imps
  2 ufetubi (D:7)
  2 ribbon worms (D:2)
  4 dart slugs
  23 orcs
  A bat (D:3)
  2 endoplasms (D:2)
  5 giant cockroaches
  12 goblins
  13 hobgoblins
  19 kobolds
  5 quokkas
  5 ball pythons
  2 frilled lizards
  4 rats
236 creatures vanquished.

Notes
Turn   | Place    | Note
-------+----------+-------------------------------------------
     0 | D:1      | LeprechaunX the Octopode Shapeshifter began the quest for
                  | the Orb.
     0 | D:1      | Reached XP level 1. HP: 13/13 MP: 1/1
    74 | D:1      | Reached XP level 2. HP: 12/18 MP: 2/2
   238 | D:1      | Found Ofisam's Jewellery Boutique.
   379 | D:1      | Reached XP level 3. HP: 20/23 MP: 3/3
   756 | D:2      | Reached skill level 1 in Spellcasting
  1268 | D:2      | Reached XP level 4. HP: 25/29 MP: 5/5
  1775 | D:2      | Learned a level 3 spell: Dazzling Flash
  1925 | D:3      | Reached skill level 4 in Shapeshifting
  1925 | D:3      | Reached XP level 5. HP: 10/34 MP: 5/7
  2197 | D:3      | Reached skill level 1 in Conjurations
  2610 | D:3      | Reached XP level 6. HP: 37/41 MP: 8/8
  2846 | D:3      | Found Leplamp's General Store.
  2943 | D:3      | Found a faded altar of an unknown god.
  3441 | D:4      | Reached XP level 7. HP: 28/46 MP: 10/10
  3941 | D:4      | Found a glowing silver altar of Zin.
  3941 | D:4      | Found a white marble altar of Elyvilon.
  4027 | D:4      | Found a runed translucent gate.
  4028 | D:4      | Found a runed translucent gate.
  4029 | D:4      | Found a runed translucent gate.
  4030 | D:4      | Noticed zenocrate's ghost (amateur VSEn)
  4166 | D:5      | Entered Level 5 of the Dungeon
  4208 | D:5      | Reached skill level 5 in Shapeshifting
  4420 | D:5      | Reached skill level 1 in Evocations
  4548 | D:5      | Reached skill level 1 in Throwing
  4801 | D:5      | Reached XP level 8. HP: 41/52 MP: 12/12
  5235 | D:5      | Found a glowing golden altar of the Shining One.
  5606 | D:6      | Found a staircase to the Ecumenical Temple.
  5631 | Temple   | Entered the Ecumenical Temple
  5660 | Temple   | Became a worshipper of Ru the Awakened
  5959 | D:6      | Found a shimmering blue altar of Sif Muna.
  6317 | D:7      | Reached skill level 5 in Unarmed Combat
  6317 | D:7      | Reached skill level 6 in Shapeshifting
  6503 | D:7      | Found a broken altar of Ashenzari.
  6530 | D:7      | Noticed Pikel
  6545 | D:7      | Killed Pikel
  6546 | D:7      | Reached XP level 9. HP: 17/59 MP: 14/14
  6731 | D:7      | Fell from the grace of Ru
  6731 | D:7      | Became a worshipper of Ashenzari the Shackled
  7180 | D:7      | Noticed Dowan
  7195 | D:7      | Found a burning altar of Makhleb.
  7219 | D:7      | Killed Dowan
  7598 | D:7      | Noticed Duvessa
  7609 | D:7      | Killed Duvessa
  7610 | D:7      | Reached skill level 7 in Shapeshifting
  7895 | D:7      | Reached skill level 5 in Fighting
  8175 | D:7      | Noticed Jeremiah
  8224 | D:7      | Killed Jeremiah
  8307 | D:7      | Reached XP level 10. HP: 40/65 MP: 16/16
  8642 | D:7      | Identified the +8 war axe of Lirhewea {speed, rCorr}
  8752 | D:8      | Noticed Psyche
  8758 | D:8      | Killed Psyche
  8883 | D:8      | Noticed Joseph
  8899 | D:8      | Killed Joseph
  8900 | D:8      | Reached skill level 1 in Axes
  9013 | D:8      | Noticed Maurice
  9019 | D:8      | Maurice stole a +0 shortbow
  9021 | D:8      | Killed Maurice
  9022 | D:8      | Reached skill level 5 in Conjurations
  9048 | D:8      | Reached skill level 8 in Shapeshifting
  9090 | D:8      | Reached skill level 5 in Evocations
  9096 | D:8      | Reached skill level 5 in Spellcasting
  9217 | D:8      | Noticed a brown ugly thing
  9236 | D:8      | Killed a brown ugly thing
  9245 | D:8      | HP: 3/68 [poisoned by a killer bee]
  9255 | D:8      | Noticed Grum
  9475 | D:8      | Noticed Erica
  9816 | D:8      | HP: 3/68 [constriction (3)]
  9817 | D:8      | Killed Erica
  9818 | D:8      | Reached XP level 11. HP: 3/73 MP: 19/19
 10313 | D:9      | Found a runed translucent gate.
 10313 | D:9      | Found a runed translucent gate.
 10313 | D:9      | Found a runed translucent gate.
 10326 | D:9      | Found an opulent altar of Gozag.
 10327 | D:9      | Noticed Likado's ghost (journeyman GnSu)
 10328 | D:9      | Noticed a two-headed ogre
 10328 | D:9      | Noticed a cyclops
 10336 | D:9      | Found Jatsasidd's Assorted Antiques.
 10472 | D:9      | Reached skill level 9 in Shapeshifting
 10688 | D:9      | Found a snail-covered altar of Cheibriados.
 10702 | D:9      | Reached * piety under Ashenzari
 10763 | D:9      | Noticed a two-headed ogre
 10774 | D:9      | Killed a two-headed ogre
 11023 | D:9      | Noticed an arcanist
 11072 | D:9      | Killed an arcanist
 11083 | D:9      | Noticed a large abomination
 11083 | D:9      | Noticed a large abomination
 11084 | D:9      | Noticed a large abomination
 11096 | D:9      | Killed a large abomination
 11103 | D:9      | Killed a large abomination
 11109 | D:9      | Mangled by a large abomination

Illustrated notes

Levels and vault maps discovered:
D:1:      dpeg_arrival_tiny_i, layout_loops_ring, serial_shops,
          nicolae_shop_tiny_glass
D:2:      layout_basic, serial_curves, eino_curves_02, eino_curves_02,
          eino_curves_03
D:3:      layout_loops_corners, shapermc_ecumenical_altar_mp_highgroup,
          serial_shops, nicolae_shop_crystal, guppyfry_early_lair_pool
D:4:      layout_basic, gammafunk_temple_overflow_statue,
          gammafunk_ghost_necromancy, grunt_ministairs_14
D:5:      layout_basic, nicolae_tso_swordbearing_angel
D:6:      layout_basic, nicolae_sif_muna_little_library,
          minmay_temple_entry_drinking_statues, minmay_misc_feat_four_crosses,
          corexii_item_surrounded_by_moat, corexii_leaking_fountain
D:7:      corexii_shantytown, layout_basic, kennysheep_little_box,
          lemuel_doored_altar, uniq_pikel, uniq_jeremiah, uniq_duvessa
D:8:      layout_rooms, uniq_maurice, uniq_erica, uniq_psyche, uniq_joseph,
          uniq_grum
D:9:      layout_basic, cheibriados_altar_1, ebering_ghost_gozag, laboratory
Temple:   cyrus_temple_forest

Skill      XL: |  1  2  3  4  5  6  7  8  9 10 11 |
---------------+----------------------------------+-----
Spellcasting   | 1 2 3 4 5 6 |  6.2
Fighting       | 2 3 4 5 6 7 |  7.2
Shapeshifting  | 4 5 6 7 8 9 |  9.7
Conjurations   | 1 2 3 4 5 6 |  6.5
Unarmed Combat | 4 5 6 |  6.0
Evocations     | 1 3 4 5 6 |  6.7
Throwing       | 1 3 |  3.0
Axes           | 3 4 |  4.5
Dodging        | |  2.0

Action                     |  1- 3 |  4- 6 |  7- 9 | 10-12 || total
---------------------------+-------+-------+-------+-------++-------
  Melee: Unarmed           |    51 |    85 |   207 |    27 ||   370
         Constrict         |    15 |    23 |    62 |    36 ||   136
         Tentacles         |     7 |    14 |    68 |    61 ||   150
         Punch             |     1 |     4 |     8 |    11 ||    24
         War axe           |       |       |       |   199 ||   199
   Fire: Shortbow          |       |       |    19 |       ||    19
         Arbalest          |       |       |       |     9 ||     9
  Throw: Boomerang         |       |       |     6 |       ||     6
         Javelin           |       |       |     5 |     4 ||     9
 Invoke: Curse Item        |       |       |       |     2 ||     2
  Evoke: Wand              |       |       |     6 |       ||     6
    Use: Potion            |       |       |     1 |     3 ||     4
   Stab: Sleeping          |     7 |     7 |     6 |     3 ||    23
         Paralysed         |       |       |     8 |       ||     8
         Distracted        |       |       |     1 |       ||     1
 Armour: Skin              |    11 |    31 |    88 |   102 ||   232
  Dodge: Dodged            |    25 |    48 |    61 |   109 ||   243
  Block: Other             |       |       |    38 |    21 ||    59
         Reflection        |       |       |     4 |     1 ||     5

Table legend: (Time is in decaauts)
 A = Elapsed time spent in this place.
 B = Non-inter-level travel time spent in this place.
 C = Inter-level travel time spent in this place.
 D = Time resting spent in this place.
 E = Time spent auto-exploring this place.
 F = Levels seen in this place.
 G = Mean time per level.
                   A        B        C        D        E       F      G
               +--------+--------+--------+--------+--------+-----+--------+
         Total |  11063 |  10523 |    540 |   1461 |   7414 |  10 | 1106.3 |
       Dungeon |  10997 |  10485 |    512 |   1461 |   7414 |   9 | 1221.9 |
        Temple |     66 |     38 |     28 |      0 |      0 |   1 |   66.0 |
               +--------+--------+--------+--------+--------+-----+--------+

Top non-repeatable levels by time:
     D:7: 2303 daAuts
     D:8: 1515 daAuts
     D:3: 1225 daAuts
     D:5: 1174 daAuts
     D:2: 1133 daAuts
     D:4: 1116 daAuts
     D:6: 1067 daAuts
     D:9: 781 daAuts
     D:1: 679 daAuts
  Temple: 66 daAuts
